 Dungeon Crawl Stone Soup version 0.16.1-11-g651b585 (webtiles) character file.

182 Radiman the Digger (level 5, -2/28 HPs)
             Began as a Gargoyle Earth Elementalist on Apr 3, 2015.
             Shot with an arrow of frost by a centaur (9 damage)
             ... on level 4 of the Dungeon.
             The game lasted 00:14:52 (3678 turns).

Radiman the Digger (Gargoyle Earth Elementalist)    Turns: 3678, Time: 00:14:52

Health: -2/28      AC:  7    Str: 12    XL:     5   Next: 61%
Magic:  1/11       EV: 12    Int: 15    God:
Gold:   191        SH:  0    Dex: 11    Spells: 3 memorised, 4 levels left

rFire  . . .     SeeInvis .     w - +0 flail
rCold  . . .     Clarity  .     c - +0 robe
rNeg   + . .     SustAb   .     (no shield)
rPois  ∞         Gourm    .     (no helmet)
rElec  +         Spirit   .     (no cloak)
rCorr  .         Warding  .     f - +0 pair of gloves
rMut   .         Stasis   .     (no boots)
MR     .....                    (no amulet)
Stlth  ++........               (no ring)
                                (no ring)

@: very slightly contaminated, not resistant to hostile enchantments, unstealthy
A: negative energy resistance 1, electricity resistance, unbreathing,
petrification resistance, rot immunity, AC +4
a: no special abilities


You were on level 4 of the Dungeon.
You were hungry.

You visited 1 branch of the dungeon, and saw 4 of its levels.

You collected 191 gold pieces.

Inventory:

Hand weapons
 w - a +0 flail (weapon)
Missiles
 b - 96 stones (quivered)
Armour
 c - a +0 robe (worn)
 e - a cursed +0 scale mail
 f - a +0 pair of gloves (worn)
 g - a cursed +0 leather armour
Magical devices
 p - a wand of disintegration (12)
Scrolls
 m - 2 scrolls of remove curse
Potions
 h - 2 potions of agility {unknown}
 i - a potion of haste {unknown}
 j - a potion of flight {unknown}
 k - 2 potions of restore abilities {unknown}
 l - a potion of might {unknown}
 q - a potion of brilliance {unknown}
 r - a potion of mutation {unknown}
 s - 2 potions of magic {unknown}
 t - a potion of heal wounds {unknown}
 u - a potion of berserk rage {unknown}
Books
 d - a book of Geomancy

   Spells                             Type                      Level
   a - Sandblast                      Earth                        1
   b - Stoneskin                      Transmutation/Earth          2
   c - Passwall                       Transmutation/Earth          3
   d - Stone Arrow                    Conjuration/Earth            3
   e - Petrify                        Transmutation/Earth          4
   f - Lee's Rapid Deconstruction     Earth                        5
 n - a Necronomicon {highlevel, unknown}

   This book is beyond your current level of understanding.

   Spells                             Type                      Level
   a - Haunt                          Necromancy/Summoning         7
   b - Borgnjor's Revivification      Necromancy                   8
   c - Death's Door                   Charms/Necromancy            8
   d - Necromutation                  Transmutation/Necromancy     8
Comestibles
 a - 2 bread rations
 o - 2 fruits


   Skills:
 - Level 1.5 Dodging
 - Level 2.1 Stealth
 + Level 3.3 Spellcasting
 * Level 2.3 Conjurations
 - Level 0.7 Transmutations
 + Level 5.7 Earth Magic


You had 4 spell levels left.
You knew the following spells:

 Your Spells              Type           Power        Failure   Level  Hunger
a - Sandblast             Erth           ###...       1%          1    #......
b - Stoneskin             Trmt/Erth      ##......     10%         2    ##.....
c - Stone Arrow           Conj/Erth      ##....       14%         3    ###....


Dungeon Overview and Level Annotations

Branches:
Dungeon (4/15)
 Temple: D:4-7

Altars:
Kikubaaqudgha
Ru


Innate Abilities, Weirdness & Mutations

You are resistant to torment.
You are immune to poison.
Your stone body is very resilient (AC +4).
You resist negative energy.
You are resistant to electric shocks.
You can survive without breathing.
You are immune to petrification.
You are immune to rotting.


Message History

* * * LOW HITPOINT WARNING * * *
The arrow of frost freezes you.
* * * LOW HITPOINT WARNING * * *
Casting: Sandblast
Confirm with . or Enter, or press ? or * to list all spells.
Aiming: Sandblast
Press: ? - help, Shift-Dir - straight line, f/p - centaur
Aim: a centaur, wielding a shortbow (moderately wounded)
The blast of sand hits the centaur.
The centaur is moderately wounded.
The centaur shoots an arrow of frost.
The arrow of frost misses you.
Casting: Sandblast
Confirm with . or Enter, or press ? or * to list all spells.
Aiming: Sandblast
Press: ? - help, Shift-Dir - straight line, f/p - centaur
Aim: a centaur, wielding a shortbow (moderately wounded)
The blast of sand hits the centaur.
The centaur is severely wounded.
The centaur shoots an arrow of frost.
The arrow of frost hits you!
You die...

#...# .## $...).#
#.## #
......?##..###..
....... ......#
#.......##....##.#
#.c.....(.........
..#...###c.c.....#
c.. ##.#.###.# .
#.#@# ### #.#(#
#(. #.#.# .# #.#
#...# #.# #<#
##..# ..### #.#
#..# ..... #.#
#..##..# #)#
#......## #[#
#####.#.....# #)#


You could see a centaur.

Vanquished Creatures
  A giant frog skeleton (D:4)
  A worker ant (D:4)
  4 adders
  3 worms (D:2)
  2 oozes (D:1)
  6 orcs
  5 bats
  7 hobgoblins
  2 quokkas
  2 ball pythons
  5 giant cockroaches
  11 giant newts
  9 goblins
  11 kobolds
  4 rats
73 creatures vanquished.

Notes
Turn   | Place    | Note
--------------------------------------------------------------
     0 | D:1      | Radiman, the Gargoyle Earth Elementalist, began the quest for the Orb.
     0 | D:1      | Reached XP level 1. HP: 10/10 MP: 3/3
   318 | D:1      | Reached XP level 2. HP: 13/15 MP: 5/5
   322 | D:1      | Learned a level 2 spell: Stoneskin
   346 | D:1      | Reached skill level 4 in Earth Magic
   820 | D:2      | Reached XP level 3. HP: 6/19 MP: 0/6
  1194 | D:2      | Learned a level 3 spell: Stone Arrow
  1664 | D:2      | Reached skill level 5 in Earth Magic
  1664 | D:2      | Reached XP level 4. HP: 21/24 MP: 1/8
  2050 | D:2      | Found a sacrificial altar of Ru.
  2185 | D:2      | Found an ancient bone altar of Kikubaaqudgha.
  2266 | D:2      | Reached skill level 1 in Conjurations
  3284 | D:4      | Reached XP level 5. HP: 16/28 MP: 0/11
  3658 | D:4      | Noticed a centaur
  3678 | D:4      | Shot with an arrow of frost by a centaur

Action                   |  1- 3 |  4- 6 || total
-------------------------+-------+-------++-------
Melee: Whip              |   124 |    90 ||   214
       Flail             |       |     5 ||     5
 Cast: Sandblast         |    31 |    67 ||    98
  Use: Scroll            |     1 |     3 ||     4
       Potion            |       |     1 ||     1
 Stab: Sleeping          |     2 |       ||     2
  Eat: Chunk             |     2 |     7 ||     9
